| TOP OF THE 1ST |
|
Birmingham Barons batting - Pitching for Erie SeaWolves : RHP Dave Zerphey
|
|
Pitching: RHP Dave Zerphey
|
|
|
Batting: RHB Justin Walker
|
0-0: Ball 1-0: Ground out U3 (Groundball, 3L, EV 84.4 MPH)
|
|
Batting: RHB Dieter Knoops
|
0-0: Fly out, F7 (Flyball, 7, EV 87.5 MPH)
|
|
Batting: LHB Ryan Karg
|
0-0: Called Strike 0-1: Foul Ball, location: 2F 0-2: Ball 1-2: Ball 2-2: Strikes out swinging
|
| Top of the 1st over - 0 runs, 0 hits, 0 errors, 0 left on base; Birmingham 0 - Erie 0 |
| BOTTOM OF THE 1ST |
|
Erie SeaWolves batting - Pitching for Birmingham Barons : RHP Dan Marino IV
|
|
Pitching: RHP Dan Marino IV
|
|
|
Batting: RHB Dan Becvar
|
0-0: Foul Ball, location: 2F 0-1: Foul Ball, location: 2F 0-2: Fly out, F9 (Line Drive, 9D, EV 92.5 MPH)
|
|
Batting: RHB Yaremka Rzhevsky
|
0-0: Ball 1-0: Ball 2-0: SINGLE (Groundball, P, EV 81.9 MPH) (infield hit)
|
|
Batting: RHB Steve Clark
|
0-0: Ball 1-0: Called Strike 1-1: Called Strike Yaremka Rzhevsky steals 2nd, throwing error, E2 Yaremka Rzhevsky to third 1-2: Ball 2-2: DOUBLE (Line Drive, 89M, EV 100.0 MPH) Yaremka Rzhevsky scores
|
|
Batting: RHB Jordan Mejias
|
0-0: Ball 1-0: Called Strike 1-1: Ground out 6-3 (Groundball, 6, EV 86.9 MPH)
|
|
Batting: LHB Takuya Uchida
|
0-0: Called Strike 0-1: Ball 1-1: Called Strike 1-2: Ball 2-2: Ground out 4-3 (Groundball, 34, EV 103.8 MPH)
|
| Bottom of the 1st over - 1 run, 2 hits, 1 error, 1 left on base; Birmingham 0 - Erie 1 |
| TOP OF THE 2ND |
|
Birmingham Barons batting - Pitching for Erie SeaWolves : RHP Dave Zerphey
|
|
Batting: LHB Ryan Dyal
|
0-0: Ball 1-0: Ball 2-0: Ball 3-0: Called Strike 3-1: Ground out 4-3 (Groundball, 4, EV 83.1 MPH)
|
|
Batting: RHB Bobby Gulsby
|
0-0: Ball 1-0: SINGLE (Groundball, 25, EV 66.2 MPH) (infield hit)
|
|
Batting: LHB John Looney
|
0-0: Called Strike 0-1: Ball 1-1: Ball 2-1: Fielders Choice at 2nd, 3-6 (Groundball, 3D, EV 105.0 MPH)
|
|
Batting: SHB Tim Edelman
|
0-0: Foul Ball, location: 2F 0-1: Swinging Strike 0-2: Strikes out swinging
|
| Top of the 2nd over - 0 runs, 1 hit, 0 errors, 1 left on base; Birmingham 0 - Erie 1 |
| BOTTOM OF THE 2ND |
|
Erie SeaWolves batting - Pitching for Birmingham Barons : RHP Dan Marino IV
|
|
Batting: LHB Oscar Gonzalez
|
0-0: Foul Ball, location: 2F 0-1: Ball 1-1: Swinging Strike 1-2: Ball 2-2: Fly out, F9 (Flyball, 89M, EV 87.5 MPH)
|
|
Batting: RHB Ken DiFerdinando
|
0-0: Swinging Strike 0-1: Hit by Pitch
|
|
Batting: RHB Vince Chipman
|
0-0: Ball Ken DiFerdinando is caught stealing 2nd base 2-4 1-0: Foul Ball, location: 2F 1-1: Swinging Strike 1-2: Foul Ball, location: 2F 1-2: Ground out 1-3 (Groundball, 34S, EV 72.5 MPH)
|
| Bottom of the 2nd over - 0 runs, 0 hits, 0 errors, 0 left on base; Birmingham 0 - Erie 1 |
| TOP OF THE 3RD |
|
Birmingham Barons batting - Pitching for Erie SeaWolves : RHP Dave Zerphey
|
|
Batting: LHB Brian Snyder
|
0-0: Ball 1-0: Ball 2-0: Ball 3-0: Called Strike 3-1: Base on Balls
|
|
Batting: RHB Sharafat Khanum
|
0-0: Ball 1-0: Ball 2-0: Ball 3-0: Called Strike 3-1: Called Strike 3-2: SINGLE (Groundball, 34D, EV 94.4 MPH) Brian Snyder to second Runner from 2nd tries for 3rd, SAFE, throw by RF made to third
|
|
Batting: RHB Justin Walker
|
0-0: Ball 1-0: Foul Ball, location: 2F 1-1: Ball 2-1: Ball 3-1: Grounds into double play, 5-4-3 (Groundball, 5S, EV 85.0 MPH) Brian Snyder scores
|
|
Batting: RHB Dieter Knoops
|
0-0: Called Strike 0-1: Called Strike 0-2: Ball 1-2: Ball 2-2: SINGLE (Flyball, 4MD, EV 91.2 MPH)
|
|
Batting: LHB Ryan Karg
|
0-0: Ball 1-0: Ball 2-0: Fly out, F8 (Flyball, 78D, EV 95.0 MPH)
|
| Top of the 3rd over - 1 run, 2 hits, 0 errors, 1 left on base; Birmingham 1 - Erie 1 |
| BOTTOM OF THE 3RD |
|
Erie SeaWolves batting - Pitching for Birmingham Barons : RHP Dan Marino IV
|
|
Batting: LHB Adam Lancaster
|
0-0: Ball 1-0: Called Strike 1-1: Ball 2-1: Ball 3-1: Base on Balls
|
|
Batting: RHB Dan Becvar
|
0-0: Ball 1-0: Ball 2-0: Fielders Choice at 2nd, 4-6 (Groundball, 4, EV 83.1 MPH)
|
|
Batting: RHB Yaremka Rzhevsky
|
0-0: Ball Dan Becvar steals 2nd base (no throw) 1-0: Called Strike 1-1: Called Strike 1-2: Foul Ball, location: 2F 1-2: Foul Ball, location: 2F 1-2: Ball 2-2: Ground out 5-3 (Groundball, 56, EV 109.4 MPH)
|
|
Batting: RHB Steve Clark
|
0-0: SINGLE (Groundball, 56D, EV 95.0 MPH) Dan Becvar to third Runner from 3rd tries for Home, SAFE, throw by LF to home Steve Clark to second
|
|
Batting: RHB Jordan Mejias
|
0-0: Ball 1-0: Ball 2-0: Ball 3-0: Called Strike 3-1: Foul Ball, location: 2F 3-2: Strikes out swinging
|
| Bottom of the 3rd over - 1 run, 1 hit, 0 errors, 1 left on base; Birmingham 1 - Erie 2 |
| TOP OF THE 4TH |
|
Birmingham Barons batting - Pitching for Erie SeaWolves : RHP Dave Zerphey
|
|
Batting: LHB Ryan Dyal
|
0-0: Called Strike 0-1: Ground out U3 (Groundball, 3, EV 87.5 MPH)
|
|
Batting: RHB Bobby Gulsby
|
0-0: Foul Ball, location: 2F 0-1: SINGLE (Line Drive, 6D, EV 98.1 MPH)
|
|
Batting: LHB John Looney
|
0-0: Ball 1-0: Foul Ball, location: 2F 1-1: Grounds out, U3 (Groundball, 3L, EV 80.0 MPH)
|
|
Batting: SHB Tim Edelman
|
0-0: Ball 1-0: Ball 2-0: SINGLE (Flyball, 4D, EV 84.4 MPH) Bobby Gulsby to third Runner from 3rd tries for Home, SAFE, throw by RF to home
|
|
Batting: LHB Brian Snyder
|
0-0: SINGLE (Line Drive, 7S, EV 108.1 MPH) Tim Edelman to second
|
|
Batting: RHB Sharafat Khanum
|
0-0: Foul Ball, location: 2F 0-1: Ball 1-1: Ball 2-1: Foul Ball, location: 2F 2-2: Strikes out looking
|
| Top of the 4th over - 1 run, 3 hits, 0 errors, 2 left on base; Birmingham 2 - Erie 2 |
| BOTTOM OF THE 4TH |
|
Erie SeaWolves batting - Pitching for Birmingham Barons : RHP Dan Marino IV
|
|
Batting: LHB Takuya Uchida
|
0-0: Ball 1-0: Called Strike 1-1: Ball 2-1: Ball 3-1: Foul Ball, location: 2F 3-2: Fly out, F8 (Flyball, 78D, EV 83.1 MPH)
|
|
Batting: LHB Oscar Gonzalez
|
0-0: Ball 1-0: Swinging Strike 1-1: Ball 2-1: Foul Ball, location: 2F 2-2: Ball 3-2: Base on Balls
|
|
Batting: RHB Ken DiFerdinando
|
0-0: Ball Oscar Gonzalez is caught stealing 2nd base 2-4 1-0: Ball 2-0: Called Strike 2-1: SINGLE (Line Drive, 56, EV 100.0 MPH)
|
|
Batting: RHB Vince Chipman
|
0-0: Called Strike 0-1: Called Strike 0-2: Ball 1-2: SINGLE (Line Drive, 4MD, EV 110.6 MPH) Ken DiFerdinando to second Ken DiFerdinando to third
|
|
Batting: LHB Adam Lancaster
|
0-0: Called Strike 0-1: Ball 1-1: Ball 2-1: Swinging Strike 2-2: Ball 3-2: Ground out U3 (Groundball, 34S, EV 66.9 MPH)
|
| Bottom of the 4th over - 0 runs, 2 hits, 0 errors, 2 left on base; Birmingham 2 - Erie 2 |
| TOP OF THE 5TH |
|
Birmingham Barons batting - Pitching for Erie SeaWolves : RHP Dave Zerphey
|
|
Batting: RHB Justin Walker
|
0-0: Foul Ball, location: 2F 0-1: Called Strike 0-2: Ball 1-2: Ball 2-2: Foul Ball, location: 2F 2-2: Ground out 5-3 (Groundball, 56, EV 83.8 MPH)
|
|
Batting: RHB Dieter Knoops
|
0-0: Foul Ball, location: 2F 0-1: Foul Ball, location: 2F 0-2: Ball 1-2: Ground out 4-3 (Groundball, 4MS, EV 82.5 MPH)
|
|
Batting: LHB Ryan Karg
|
0-0: Called Strike 0-1: Called Strike 0-2: Hit by Pitch
|
|
Batting: LHB Ryan Dyal
|
0-0: Ball 1-0: SINGLE (Line Drive, 89S, EV 91.9 MPH) Ryan Karg to second Runner from 2nd tries for 3rd, SAFE, no throw by RF
|
|
Batting: RHB Bobby Gulsby
|
0-0: Ball 1-0: Fielders Choice at 2nd, 6-4 (Groundball, 6MD, EV 79.4 MPH)
|
| Top of the 5th over - 0 runs, 1 hit, 0 errors, 2 left on base; Birmingham 2 - Erie 2 |
| BOTTOM OF THE 5TH |
|
Erie SeaWolves batting - Pitching for Birmingham Barons : RHP Dan Marino IV
|
|
Batting: RHB Dan Becvar
|
0-0: Foul Ball, location: 2F 0-1: Ball 1-1: SOLO HOME RUN (Flyball, 78XD, EV 106.9 MPH), Distance : 436 ft
|
|
Batting: RHB Yaremka Rzhevsky
|
0-0: Ball 1-0: Foul Ball, location: 2F 1-1: Swinging Strike 1-2: Foul Ball, location: 2F 1-2: Ground out 6-3 (Groundball, 6, EV 86.9 MPH)
|
|
Batting: RHB Steve Clark
|
0-0: Called Strike 0-1: Ball 1-1: Ball 2-1: Called Strike 2-2: Strikes out looking
|
|
Batting: RHB Jordan Mejias
|
0-0: Fly out, F7 (Line Drive, 7, EV 88.1 MPH)
|
| Bottom of the 5th over - 1 run, 1 hit, 0 errors, 0 left on base; Birmingham 2 - Erie 3 |
| TOP OF THE 6TH |
|
Birmingham Barons batting - Pitching for Erie SeaWolves : RHP Dave Zerphey
|
|
Batting: LHB John Looney
|
0-0: Ball 1-0: Ground out 5-3 (Groundball, 56, EV 91.9 MPH)
|
|
Batting: SHB Tim Edelman
|
0-0: Foul Ball, location: 2F 0-1: Ball 1-1: Ground out 5-3 (Groundball, 56, EV 110.0 MPH)
|
|
Batting: LHB Brian Snyder
|
0-0: Ground out 5-3 (Groundball, 56, EV 99.4 MPH)
|
| Top of the 6th over - 0 runs, 0 hits, 0 errors, 0 left on base; Birmingham 2 - Erie 3 |
| BOTTOM OF THE 6TH |
|
Erie SeaWolves batting - Pitching for Birmingham Barons : RHP Dan Marino IV
|
|
Batting: LHB Takuya Uchida
|
0-0: Ball 1-0: Foul Ball, location: 2F 1-1: Ground out 6-3 (Groundball, 4, EV 87.5 MPH)
|
|
Pitching: RHP Jesus Griego
|
|
|
Batting: LHB Oscar Gonzalez
|
0-0: Foul Ball, location: 2F 0-1: Ball 1-1: Ball 2-1: Swinging Strike 2-2: Ball 3-2: Strikes out looking
|
|
Batting: RHB Ken DiFerdinando
|
0-0: Called Strike 0-1: Swinging Strike 0-2: Ball 1-2: SINGLE (Groundball, 56D, EV 99.4 MPH)
|
|
Batting: RHB Vince Chipman
|
0-0: Ball Ken DiFerdinando steals 2nd base 1-0: Called Strike 1-1: Ball 2-1: Ball 3-1: Ground out 6-3 (Groundball, 6, EV 89.4 MPH)
|
| Bottom of the 6th over - 0 runs, 1 hit, 0 errors, 1 left on base; Birmingham 2 - Erie 3 |
| TOP OF THE 7TH |
|
Birmingham Barons batting - Pitching for Erie SeaWolves : RHP Dave Zerphey
|
|
Pinch Hitting: LHB Nick Ramsdell
|
0-0: Fly out, F9 (Line Drive, 9, EV 91.2 MPH)
|
|
Batting: RHB Justin Walker
|
0-0: Ball 1-0: Ball 2-0: Called Strike 2-1: Foul Ball, location: 2F 2-2: Strikes out swinging
|
|
Batting: RHB Dieter Knoops
|
0-0: Ball 1-0: Ball 2-0: Called Strike 2-1: SINGLE (Groundball, 56S, EV 68.8 MPH) (infield hit)
|
|
Pitching: RHP Justin Packard
|
|
|
Batting: LHB Ryan Karg
|
0-0: Ball 1-0: Ground out 4-3 (Groundball, 4, EV 83.8 MPH)
|
| Top of the 7th over - 0 runs, 1 hit, 0 errors, 1 left on base; Birmingham 2 - Erie 3 |
| BOTTOM OF THE 7TH |
|
Erie SeaWolves batting - Pitching for Birmingham Barons : RHP Jesus Griego
|
|
Pitching: LHP Craig Poor
|
|
|
Now at 3B: Justin Thacker
|
|
|
Batting: LHB Adam Lancaster
|
0-0: Ball 1-0: Called Strike 1-1: Called Strike 1-2: Strikes out swinging
|
|
Pitching: RHP John Bryan
|
|
|
Batting: RHB Dan Becvar
|
0-0: Ball 1-0: Called Strike 1-1: Swinging Strike 1-2: Ball 2-2: Strikes out looking
|
|
Batting: RHB Yaremka Rzhevsky
|
0-0: Ball 1-0: Ball 2-0: Ball 3-0: Called Strike 3-1: SINGLE (Groundball, 34D, EV 98.8 MPH)
|
|
Batting: RHB Steve Clark
|
0-0: Ball 1-0: Ball Yaremka Rzhevsky steals 2nd base 2-0: Foul Ball, location: 2F 2-1: Ball Wild Pitch! Yaremka Rzhevsky to third 3-1: Base on Balls
|
|
Batting: LHB Freddy Troncoso
|
0-0: Called Strike 0-1: Ground out U3 (Groundball, 3S, EV 79.4 MPH)
|
| Bottom of the 7th over - 0 runs, 1 hit, 0 errors, 2 left on base; Birmingham 2 - Erie 3 |
| TOP OF THE 8TH |
|
Birmingham Barons batting - Pitching for Erie SeaWolves : RHP Justin Packard
|
|
Batting: LHB Ryan Dyal
|
0-0: Ball 1-0: SINGLE (Groundball, 34D, EV 106.9 MPH)
|
|
Batting: RHB Bobby Gulsby
|
0-0: Ball 1-0: Ball 2-0: Called Strike 2-1: Fielders Choice at 2nd, 6-4 (Groundball, 6, EV 106.9 MPH)
|
|
Pitching: LHP Travis Sergo
|
|
|
Batting: RHB Justin Starnes
|
0-0: Fly out, F9 (Flyball, 9S, EV 82.5 MPH)
|
|
Batting: SHB Tim Edelman
|
0-0: Called Strike 0-1: Foul Ball, location: 2F 0-2: Foul Ball, location: 2F 0-2: Foul Ball, location: 2F 0-2: SINGLE (Line Drive, 34D, EV 99.4 MPH) Bobby Gulsby to second Runner from 2nd tries for 3rd, SAFE, throw by RF made to third
|
|
Pinch Hitting: RHB D.J. McManigle
|
0-0: Hit by Pitch Tim Edelman to second
|
|
Batting: RHB Justin Thacker
|
0-0: Ball 1-0: Ground out 4-3 (Groundball, 4, EV 88.8 MPH)
|
| Top of the 8th over - 0 runs, 2 hits, 0 errors, 3 left on base; Birmingham 2 - Erie 3 |
| BOTTOM OF THE 8TH |
|
Erie SeaWolves batting - Pitching for Birmingham Barons : RHP John Bryan
|
|
Now in LF: D.J. McManigle
|
|
|
Batting: LHB Takuya Uchida
|
0-0: Foul Ball, location: 2F 0-1: Ball 1-1: Ball 2-1: Swinging Strike 2-2: Ball 3-2: Base on Balls
|
|
Batting: LHB Oscar Gonzalez
|
0-0: Ball 1-0: Called Strike 1-1: Ball Passed Ball! Takuya Uchida to second 2-1: Ball 3-1: Base on Balls
|
|
Pinch Runner at 2nd Luis Dominguez:
|
|
|
Batting: RHB Ken DiFerdinando
|
0-0: Bunt missed! 0-1: Bunted foul 0-2: Ball 1-2: DOUBLE (Flyball, 78XD, EV 109.4 MPH) Luis Dominguez scores Oscar Gonzalez to third
|
|
Batting: RHB Vince Chipman
|
0-0: Called Strike 0-1: Foul Ball, location: 2F 0-2: Hit by Pitch
|
|
Batting: LHB Adam Lancaster
|
0-0: Grounds into fielders choice 1-2 (Groundball, P, EV 66.9 MPH) Ken DiFerdinando to third Vince Chipman to second
|
|
Batting: RHB Dan Becvar
|
0-0: Foul Ball, location: 2F 0-1: Ball 1-1: Ball 2-1: Called Strike 2-2: Strikes out looking
|
|
Batting: RHB Yaremka Rzhevsky
|
0-0: Called Strike 0-1: Ground out U3 (Groundball, 3, EV 98.8 MPH)
|
| Bottom of the 8th over - 1 run, 1 hit, 0 errors, 3 left on base; Birmingham 2 - Erie 4 |
| TOP OF THE 9TH |
|
Birmingham Barons batting - Pitching for Erie SeaWolves : LHP Travis Sergo
|
|
Pitching: RHP Stacey Kerssies
|
|
|
Now at 1B: Mike Olsen
|
|
|
Batting: RHB Justin Walker
|
0-0: Ball 1-0: Ball 2-0: Ball 3-0: Swinging Strike 3-1: Base on Balls
|
|
Batting: RHB Dieter Knoops
|
0-0: Ball 1-0: Ball 2-0: Ball 3-0: Called Strike 3-1: Foul Ball, location: 2F 3-2: Grounds out, U3 (Groundball, 3L, EV 95.0 MPH)
|
|
Batting: LHB Ryan Karg
|
0-0: Ball 1-0: Ball 2-0: Ball 3-0: Called Strike 3-1: Swinging Strike 3-2: DOUBLE (Line Drive, 78XD, EV 100.6 MPH) Justin Walker scores
|
|
Batting: LHB Ryan Dyal
|
0-0: Called Strike 0-1: Called Strike 0-2: Ball 1-2: Foul Ball, location: 2F 1-2: Ball 2-2: Ball 3-2: Foul Ball, location: 2F 3-2: Foul Ball, location: 2F 3-2: Base on Balls
|
|
Batting: RHB Bobby Gulsby
|
0-0: Called Strike 0-1: Called Strike 0-2: Strikes out looking
|
|
Batting: LHB Branden Keene
|
0-0: Called Strike 0-1: Ball 1-1: Ball 2-1: Called Strike 2-2: Foul Ball, location: 2F 2-2: Foul Ball, location: 2F 2-2: Strikes out swinging
|
| Top of the 9th over - 1 run, 1 hit, 0 errors, 2 left on base; Birmingham 3 - Erie 4 |
|